 Dungeon Crawl Stone Soup version 0.30-b1-2-g02819fbbbe (webtiles) character file.

Game seed: 2249972956303315648

56 raph the Scratcher (level 3, 0/15 HPs)
             Began as a Felid Transmuter on Oct 16, 2023.
             Was an Initiate of Dithmenos.
             Slain by a kobold
             ... wielding a +0 mace
              (5 damage)
             ... on level 2 of the Dungeon.
             The game lasted 00:02:19 (1572 turns).

raph the Scratcher (Felid Transmuter)               Turns: 1572, Time: 00:02:19

Health: 0/15       AC:  1    Str:  8    XL:     3   Next: 69%
Magic:  4/7        EV: 17    Int: 14    God:    Dithmenos [......]
Gold:   104        SH:  0    Dex: 16    Spells: 0/6 levels left
                                        Lives:  0   Deaths: 0

rFire   . .          .
                       - Unarmed
rCold   . . .        (shield unavailable)
rNeg    . . .        (body armour unavailable)
rPois   .            (helmet unavailable)
rElec   .            (cloak unavailable)
rCorr   .            (gloves unavailable)
SInv    +            (boots unavailable)
Will    .....        (no amulet)
Stlth   ++           (no ring)
HPRegen 0.22/turn    (no ring)
MPRegen 0.10/turn

%: no passive effects
@: appendages, wereblooded, quick
A: horns 2, very small, claws 1, fangs 3, see invisible, speed 1, shaggy fur 1,
stealthy paws, no weapons or thrown items, no armour, multi-lived
a: End Transformation, Renounce Religion


You were on level 2 of the Dungeon.
You worshipped Dithmenos.
Dithmenos was noncommittal.
You had temporarily grown beastly horns.
You visited 1 branch of the dungeon, and saw 2 of its levels.

You collected 104 gold pieces.

Inventory:

Scrolls
 c - a scroll of brand weapon {unknown}
 e - 2 scrolls of teleportation {unknown}
 f - a scroll of enchant armour {unknown}
 g - a scroll of vulnerability {unknown}
Potions
 a - a potion of lignification
 b - a potion of cancellation {unknown}
 d - a potion of attraction {unknown}


   Skills:
 + Level 1.4 Fighting
 + Level 3.1 Dodging
 + Level 0.2 Stealth
 * Level 3.6 Unarmed Combat
 + Level 2.2 Spellcasting
 * Level 3.1 Transmutations


You couldn't memorise any spells.
You knew the following spells:

 Your Spells              Type           Power      Damage    Failure   Level
a - Beastly Appendage     Tmut           20%        N/A       6%          1
b - Wereblood             Tmut           10%        N/A       10%         2
c - Spider Form           Tmut/Pois      5%         N/A       36%         3

Your spell library contained the following spells:

 Spells                   Type           Power      Damage    Failure   Level
 Vhi's Electric Charge    Tloc/Air       2%         N/A       56%         3
 Ice Form                 Ice/Tmut       5%         N/A       77%         4
 Arcjolt                  Conj/Air       0%         1d10      100%        5
 Plasma Beam              Fire/Air       0%         2x1d11    100%        6


Dungeon Overview and Level Annotations

Branches:
Dungeon (2/15)

Altars:
Dithmenos

Annotations:
D:2 Terence


Innate Abilities, Weirdness & Mutations

You have temporarily grown beastly horns.
You have sharp claws.
You have razor-sharp teeth.
You have supernaturally acute eyesight. (SInv)
You cover ground quickly. (Speed+)
You are covered in fur. (AC +1)
Your paws help you pounce on unaware monsters.
You are incapable of wielding weapons or throwing items.
You cannot wear armour.
You gain extra lives every three experience levels.


Message History

The ball python is severely wounded.
Your primal bloodlust is almost over.
The ball python misses you. x2
You scratch the ball python.
You feel a bit better.
You kill the ball python!
Dithmenos accepts your kill.
You barely miss the kobold.
Your horns disappear.
The kobold hits you with a +0 whip.
Casting: Wereblood (safe; 10% risk of failure)
Confirm with . or Enter, or press ? or * to list all spells.
You grow a pair of large bovine horns.
The kobold hits you but does no damage.
You scratch the kobold. Your bite misses the kobold.
The kobold is moderately wounded.
You howl as the wereblood boils in your veins!
The kobold closely misses you.
You scratch the kobold.
You feel a bit better.
You kill the kobold!
Dithmenos accepts your kill.
You closely miss the kobold.
Your primal bloodlust has ended.
The kobold hits you with a +0 mace.
You miss the kobold. Your bite misses the kobold. The kobold barely misses you.
You barely miss the kobold. The kobold completely misses you.
Casting: Beastly Appendage (safe; 6% risk of failure)
Confirm with . or Enter, or press ? or * to list all spells.
Your blood is infused with primal strength.
The kobold hits you with a +0 mace.
* * * LOW HITPOINT WARNING * * *
You scratch the kobold but do no damage.
You headbutt the kobold.
The kobold is heavily wounded.
You barely miss the kobold. Your headbutt misses the kobold.
Your bite misses the kobold.
The kobold is heavily wounded.
The kobold misses you.
You closely miss the kobold. Your headbutt misses the kobold.
The kobold is moderately wounded.
The kobold hits you with a +0 mace.
You die...

#####.....#.## # #..
...###.......##.# ..
##.###>..##)....##.#
#.##.....#.##.....
##....#.#...#..##.#
..#...........##..
....#........###.#
...##.####.#..##.#
..###.##...##..#@# #
..# ####[....#.#K#
.# #.##
##..###....@# #.#
...# #...#
##.[..###..# ...#
#...# #....#.$. ...#
##### #..#..#.#####
...# ##.##........#
...# #..........#..
...# #....###.#.....


You could see Terence and a kobold.

Vanquished Creatures
  2 adders (D:2)
  A ball python (D:2)
  3 bats
  4 endoplasms
  2 giant cockroaches (D:1)
  3 goblins
  A hobgoblin (D:2)
  5 jackals (D:2)
  4 kobolds
  2 quokkas
  A frilled lizard (D:2)
  6 rats
34 creatures vanquished.

Notes
Turn   | Place    | Note
-------+----------+-------------------------------------------
     0 | D:1      | raph the Felid Transmuter began the quest for the Orb.
     0 | D:1      | Reached XP level 1. HP: 9/9 MP: 4/4
   421 | D:1      | Reached XP level 2. HP: 12/12 MP: 4/6
  1042 | D:2      | Reached XP level 3. HP: 7/15 MP: 7/7
  1047 | D:2      | Learned a level 2 spell: Wereblood
  1051 | D:2      | Learned a level 3 spell: Spider Form
  1457 | D:2      | Found a shadowy altar of Dithmenos.
  1479 | D:2      | Became a worshipper of Dithmenos the Shadowed
  1540 | D:2      | Noticed Terence
  1572 | D:2      | Slain by a kobold

Illustrated notes

Levels and vault maps discovered:
D:1:      nagdon_arrival_double_spiral, layout_basic, hangedman_decor_slide_cut,
          chequers_serial_rivers_marsh
D:2:      layout_rooms, basic_altar, chequers_ecumenical_altar_grove,
          uniq_terence

Skill      XL: |  1  2  3 |
---------------+----------+-----
Dodging        | 3 |  3.1
Transmutations | 3 |  3.1
Fighting       | |  1.4
Stealth        | |  0.2
Unarmed Combat | |  3.6
Spellcasting   | |  2.2

Action                     || total
---------------------------++-------
  Melee: Unarmed           ||    88
         Headbutt          ||    11
         Bite              ||     6
         Punch             ||     1
   Cast: Beastly Appendage ||    19
         Wereblood         ||     3
   Stab: Sleeping          ||     2
 Armour: Skin              ||     5
  Dodge: Dodged            ||    68
